 Dungeon Crawl Stone Soup version 0.13-a0-1710-g777f831 (webtiles) character file.

120 Diracelecht the Unweaver (level 3, -3/28 HPs)
             Began as a Demonspawn Abyssal Knight on June 21, 2013.
             Was a Follower of Lugonu.
             Slain by a scorpion (5 damage)
             ... on Level 5 of the Dungeon.
             The game lasted 00:03:41 (974 turns).

Diracelecht the Unweaver (Demonspawn Abyssal Knight) Turns: 974, Time: 00:03:41

HP  -3/28        AC  6     Str 12      XL: 3   Next: 35%
MP   4/4         EV 10     Int 13      God: Lugonu [*.....]
Gold 78          SH  0     Dex 13      Spells:  0 memorised,  2 levels left

Res.Fire  : . . .   See Invis. : .   a - +2 mace
Res.Cold  : . . .   Warding    : .   b - +0 leather armour
Life Prot.: . . .   Conserve   : .   (no shield)
Res.Poison: .       Res.Corr.  : .   (no helmet)
Res.Elec. : .       Clarity    : .   (no cloak)
Sust.Abil.: . .     Spirit.Shd : .   (no gloves)
Res.Mut.  : .       Stasis     : .   l - +0 pair of boots
Res.Rott. : .       Flight     : .   (no amulet)
Saprovore : . . .                    (no ring)
                                     (no ring)

@: not resistant to hostile enchantments, very unstealthy
A: powered by death 1, AC +2
a: Depart the Abyss, Renounce Religion


You were on level 5 of the Dungeon.
You worshipped Lugonu.
Lugonu was pleased with you.
You were not hungry.

You visited 1 branch of the dungeon, and saw 5 of its levels.
You visited the Abyss 1 time.

You collected 58 gold pieces.

Inventory:

Hand weapons
 a - a +2,+2 mace (weapon)
Missiles
 n - 16 stones (quivered)
Armour
 b - a +0 leather armour (worn)
 l - a +0 pair of boots (worn)
Magical devices
 p - a wand of polymorph (0)
Comestibles
 c - a bread ration
 g - a meat ration
 i - 15 strawberries
Scrolls
 d - 4 scrolls of teleportation
 f - a scroll of fear {unknown}
 h - a scroll of enchant weapon I {unknown}
 j - 3 scrolls of identify {unknown}
 k - a scroll of remove curse {unknown}
 m - a scroll of enchant armour {unknown}
 o - a scroll of magic mapping {unknown}
Potions
 e - a potion of brilliance {unknown}
 q - a potion of heal wounds {unknown}
 r - a potion of curing {unknown}


   Skills:
 - Level 3.0 Fighting
 + Level 3.0 Maces & Flails
 - Level 1.7 Armour
 - Level 0.8 Dodging
 + Level 3.4 Invocations


You had 2 spell levels left.
You didn't know any spells.

Dungeon Overview and Level Annotations

Branches:
Dungeon (5/27)
 Temple: D:4-7

Altars:

Annotations
D:5 glosham's ghost, experienced OpHe


Innate Abilities, Weirdness & Mutations

You are partially covered in yellow scales (AC +2).
You can steal the life force of nearby defeated enemies.


Message History

Glosham's ghost hits you!
You barely miss glosham's ghost.
Glosham's ghost is lightly damaged.
Glosham's ghost misses you. The scorpion barely misses you.
Glosham's ghost hits you but does no damage.
You barely miss glosham's ghost.
Glosham's ghost is lightly damaged.
The scorpion closely misses you. Glosham's ghost hits you.
* * * LOW HITPOINT WARNING * * *
The scorpion closely misses you.
You are too injured to fight recklessly!
You are too injured to fight recklessly!
You are too injured to fight recklessly!
You are too injured to fight recklessly!
You barely miss glosham's ghost.
Glosham's ghost is lightly damaged.
Glosham's ghost hits you.
* * * LOW HITPOINT WARNING * * *
The scorpion stings you.
You die...

#### ..#. # #.#.# .
.####.#.#.#####.#
......#.#.........
#..................
#.########.##........
.......)..<........###
............s@p.......
...............######
.#########.........
.......#### ###.#####
#.# #.# #.# .


You could see a scorpion and glosham's ghost.

Vanquished Creatures
  Terence (D:2)
  An adder (D:2)
  An orc (D:3)
  2 ball pythons
  3 bats
  3 goblins
  2 hobgoblins
  2 jackals (D:2)
  A kobold (D:1)
  A giant gecko (D:3)
  3 rats
20 creatures vanquished.

Notes
Turn   | Place    | Note
--------------------------------------------------------------
     0 | Abyss:1  | Diracelecht, the Demonspawn Abyssal Knight, began the quest for the Orb.
     0 | Abyss:1  | Reached XP level 1. HP: 16/16 MP: 1/1
    25 | Abyss:1  | Noticed a small abomination
    25 | Abyss:1  | Noticed a hellephant
    32 | D:1      | Escaped the Abyss
   463 | D:2      | Acquired Lugonu's first power
   481 | D:2      | Gained mutation: You can steal the life force of nearby defeated enemies. [demonic ancestry]
   481 | D:2      | Reached XP level 2. HP: 22/22 MP: 2/2
   588 | D:2      | Noticed Terence
   699 | D:2      | Killed Terence
   699 | D:2      | Gained mutation: You are partially covered in yellow scales (AC +2). [demonic ancestry]
   699 | D:2      | Reached XP level 3. HP: 6/28 MP: 2/4
   959 | D:5      | Entered Level 5 of the Dungeon
   965 | D:5      | Noticed glosham's ghost (experienced OpHe)
   974 | D:5      | Slain by a scorpion

Action                   || total
-------------------------++-------
Melee: Mace              ||    70
       Unarmed           ||    13
Invok: Depart the Abyss  ||     1
  Use: Scroll            ||     1
